 Dungeon Crawl Stone Soup version 0.30.1-3-gfc49f6343a (webtiles) character file.

Game seed: 10438759780517392153

49 Arctor the Firebug (level 3, -6/19 HPs)
             Began as a Gargoyle Fire Elementalist on July 24, 2023.
             Killed by divine providence
             ... invoked by an orc priest
              (16 damage)
             ... on level 2 of the Dungeon.
             The game lasted 00:01:52 (1221 turns).

Arctor the Firebug (Gargoyle Fire Elementalist)     Turns: 1221, Time: 00:01:53

Health: -6/19      AC:  5    Str: 11    XL:     3   Next: 77%
Magic:  0/6        EV: 12    Int: 17    God:
Gold:   48         SH:  0    Dex: 10    Spells: 3/6 levels left

rFire   . . .        h - +2 dagger (freeze)
rCold   . . .        (no shield)
rNeg    + . .        a - +0 robe
rPois   ∞            (no helmet)
rElec   +            (no cloak)
rCorr   .            (no gloves)
SInv    .            (no boots)
Will    .....        (no amulet)
Stlth   ++           f - ring of wizardry
HPRegen 0.23/turn    (no ring)
MPRegen 0.10/turn

%: wizardry (x1)
@: no status effects
A: sickness immunity, AC +3, negative energy resistance 1, electricity
resistance, torment resistance 1, petrification resistance
a: no special abilities


You were on level 2 of the Dungeon.
You visited 1 branch of the dungeon, and saw 3 of its levels.

You collected 48 gold pieces.

Inventory:

Hand Weapons
 h - a +2 dagger of freezing (weapon)
Armour
 a - a +0 robe (worn)
Jewellery
 f - a ring of wizardry (left hand)
Scrolls
 c - a scroll of immolation {unknown}
 d - a scroll of vulnerability {unknown}
 i - a scroll of magic mapping {unknown}
 j - a scroll of identify {unknown}
 k - a scroll of enchant weapon {unknown}
 m - a scroll of teleportation {unknown}
 o - a scroll of summoning {unknown}
 p - a scroll of poison {unknown}
Potions
 b - a potion of magic
 e - a potion of might {unknown}
 g - 2 potions of attraction {unknown}
 l - 2 potions of degeneration {unknown}
 n - a potion of heal wounds {unknown}


   Skills:
 + Level 2.0 Dodging
 + Level 2.8 Stealth
 + Level 2.4 Spellcasting
 + Level 1.9 Conjurations
 + Level 3.3 Fire Magic


You had 3 spell levels left.
You knew the following spells:

 Your Spells              Type           Power      Damage    Failure   Level
a - Foxfire               Conj/Fire      44%        2x1d6     2%          1
b - Scorch                Fire           26%        2d6       2%          2

Your spell library contained the following spells:

 Spells                   Type           Power      Damage    Failure   Level
 Wereblood                Tmut           2%         N/A       12%         2
 Inner Flame              Hex/Fire       7%         N/A       12%         3
 Volatile Blastmotes      Fire/Tloc      14%        2d11      12%         3
 Flame Wave               Conj/Fire      11%        2d6       26%         4
 Summon Hydra             Summ           1%         N/A       100%        7
 Sublimation of Blood     Necr           Unusable   N/A       N/A         2

Dungeon Overview and Level Annotations

Branches:
Dungeon (3/15)

Altars:


Innate Abilities, Weirdness & Mutations

You are immune to sickness and miasma.
Your stone body is resilient. (AC +3)
You are immune to poison.
You resist negative energy. (rN+)
You are resistant to electric shocks. (rElec)
You are resistant to unholy torment.
You are immune to petrification.


Message History

You start resting.
HP restored.
You start resting.
Magic restored.
You climb upwards.
The orc misses you. The frilled lizard misses you. The orc closely misses you.
The orc barely misses you.
There is a stone staircase leading down here.
The orc misses you. The frilled lizard barely misses you.
The goblin hits you but does no damage. The orc closely misses you. x2
You climb downwards.
There is a stone staircase leading up here.
Casting: Foxfire (safe; 2% risk of failure)
Confirm with . or Enter, or press ? or * to list all spells.
Flames lash the frilled lizard.
You kill the frilled lizard!
An endoplasm comes into view.
The orc hits you with a +0 war axe. The goblin hits you with a +0 club.
Unknown command.
Casting: Scorch (safe; 2% risk of failure)
Confirm with . or Enter, or press ? or * to list all spells.
Flames lash the orc.
The orc is heavily wounded.
The orc's fire resistance burns away.
The orc barely misses you. The goblin misses you.
Casting: Scorch (safe; 2% risk of failure)
Confirm with . or Enter, or press ? or * to list all spells.
Flames lash the orc.
The orc is burned terribly!
You kill the orc!
The goblin closely misses you. The orc hits you with a +0 war axe.
Unknown command.
The orc hits you but does no damage. The orc hits you with a +0 war axe.
The goblin hits you but does no damage.
You climb upwards.
There is a stone staircase leading down here.
You can't go up here!
The orc closely misses you. The goblin barely misses you. The orc misses you.
The orc priest calls down the wrath of Beogh upon you.
Beogh smites you!
Ouch! That really hurt!
You die...

#.######## ####
#####........ #..
..........##
#.#########....<.#
####.#...#......#.###
#....#.#.#......#...
#......#........#####
#####...###...o.....#
..........o..@......#
####....#.##.go......#
..l.....#.#.....P....+
........#.#..P....P..#
............P.P.PP.....
..............♣_♣P......
..............PP........#
........###.PP♣.♣.....###
.....o..# ......


You could see an orc priest, 2 orcs and a goblin.

Vanquished Creatures
  A gnoll (D:1)
  An orc (D:3)
  5 endoplasms (D:1)
  A giant cockroach (D:1)
  A goblin (D:1)
  5 hobgoblins (D:1)
  3 jackals (D:3)
  4 kobolds (D:1)
  2 quokkas
  2 ball pythons (D:1)
  3 bats (D:1)
  5 frilled lizards
  3 rats (D:1)
36 creatures vanquished.

Vanquished Creatures (others)
  92 foxfires
92 creatures vanquished.

Grand Total: 128 creatures vanquished

Notes
Turn   | Place    | Note
-------+----------+-------------------------------------------
     0 | D:1      | Arctor the Gargoyle Fire Elementalist began the quest for
                  | the Orb.
     0 | D:1      | Reached XP level 1. HP: 10/10 MP: 3/3
   192 | D:1      | Reached XP level 2. HP: 15/15 MP: 1/5
   571 | D:1      | Learned a level 2 spell: Scorch
   685 | D:1      | Reached XP level 3. HP: 9/19 MP: 1/6
  1095 | D:2      | Found a faded altar of an unknown god.
  1221 | D:2      | Killed from afar by an orc priest

Illustrated notes

Levels and vault maps discovered:
D:1:      lightli_iron_boxes, layout_rooms, minmay_hexomino_c4
D:2:      layout_basic, dreamdust_ecumenical_altar_grove, uniq_terence
D:3:      layout_loops_ring, marbit_many_paths, gammafunk_ghost_nasty_kobolds,
          uniq_natasha

Skill      XL: |  1  2  3 |
---------------+----------+-----
Dodging        | 2 |  2.0
Stealth        | |  2.8
Spellcasting   | |  2.4
Conjurations   | |  1.9
Fire Magic     | |  3.3

Action                     || total
---------------------------++-------
  Melee: Dagger            ||    32
   Cast: Foxfire           ||    52
         Scorch            ||     8
 Armour: Robe              ||    15
  Dodge: Dodged            ||    42
